 Dungeon Crawl Stone Soup version 0.16-a0-4004-g8d6611c (webtiles) character file.

84 rabbashanks the Ruffian (level 4, -1/44 HPs)
             Began as a Troll Warper on Feb 15, 2015.
             Was an Initiate of Cheibriados.
             Slain by a gnoll
             ... wielding a +0 spear
              (4 damage)
             ... on level 3 of the Dungeon.
             The game lasted 00:09:12 (2468 turns).

rabbashanks the Ruffian (Troll Warper)              Turns: 2468, Time: 00:09:12

Health: -1/44      AC:  5    Str: 21    XL:     4   Next: 23%
Magic:  4/4        EV: 10    Int: 10    God:    Cheibriados [......]
Gold:   169        SH:  0    Dex: 10    Spells: 2 memorised, 2 levels left

rFire  . . .     SeeInvis .       - Unarmed
rCold  . . .     Clarity  .     b - +0 robe
rNeg   . . .     SustAb   .     (shield restricted)
rPois  .         Gourm    +     (helmet restricted)
rElec  .         Spirit   .     (no cloak)
rCorr  .         Warding  .     (gloves unavailable)
rMut   .         Stasis   .     (boots unavailable)
MR     .....                    f - amulet of inaccuracy (curse)
Stlth  ..........               (no ring)
                                j - ring of loudness (curse)

@: very slow, not resistant to hostile enchantments, extremely unstealthy
A: unfitting armour, claws 3, fast metabolism 3, gourmand, regeneration 2,
shaggy fur 1, tough skin 2
a: Bend Time, Renounce Religion


You were on level 3 of the Dungeon.
You worshipped Cheibriados.
Cheibriados was noncommittal.
You were not hungry.

You visited 1 branch of the dungeon, and saw 3 of its levels.

You collected 169 gold pieces.

Inventory:

Missiles
 e - 5 tomahawks of dispersal (quivered)
Armour
 b - a +0 robe (worn)
Jewellery
 f - a cursed amulet of inaccuracy (around neck)
 j - a cursed ring of loudness (left claw)
Magical devices
 g - a wand of magic darts (38)
Scrolls
 d - a scroll of blinking
 m - a scroll of teleportation
 p - a scroll of identify
 s - a scroll of amnesia {unknown}
 t - a scroll of noise {unknown}
 v - a scroll of enchant weapon {unknown}
Potions
 i - a potion of heal wounds
 k - a potion of invisibility {unknown}
 l - 2 potions of curing
 n - a potion of poison {unknown}
 o - a potion of brilliance {unknown}
 q - a potion of ambrosia {unknown}
 r - a potion of restore abilities {unknown}
Books
 c - a book of Spatial Translocations

   Spells                             Type                      Level
   a - Apportation                    Translocation                1
   b - Blink                          Translocation                2
   c - Shroud of Golubria             Charms/Translocation         2
   d - Portal Projectile              Translocation                3
   e - Teleport Other                 Translocation                3
   f - Passage of Golubria            Translocation                4
Comestibles
 a - 4 meat rations
 h - 2 bread rations
 u - 3 fruits
 w - a beef jerky


   Skills:
 + Level 2.7 Fighting
 - Level 0.8 Throwing
 - Level 0.7 Armour
 + Level 2.3 Dodging
 + Level 2.8 Unarmed Combat
 - Level 1.2 Spellcasting
 - Level 2.1 Translocations


You had 2 spell levels left.
You knew the following spells:

 Your Spells              Type           Power        Failure   Level  Hunger
a - Apportation           Tloc           #.........   14%         1    ##.....
b - Blink                 Tloc           N/A          21%         2    ###....


Dungeon Overview and Level Annotations

Branches:
Dungeon (3/15)

Altars:
Cheibriados

Annotations:
D:3 Herrn's ghost, average FoHu


Innate Abilities, Weirdness & Mutations

You are too large for most types of armour.
You have claws for hands.
Your metabolism is lightning-fast.
You like to eat raw meat.
You heal very quickly.
You are covered in fur (AC +1).
You have very tough skin (AC +2).


Message History

You scratch the gnoll.
The gnoll is severely wounded.
The gnoll hits you but does no damage.
The gnoll hits you from afar with a spear!
You barely miss the gnoll.
The gnoll is severely wounded.
The gnoll hits you. The gnoll barely misses you.
You miss the gnoll.
The gnoll is severely wounded.
The gnoll hits you.
The gnoll hits you from afar with a spear.
You barely miss the gnoll.
The gnoll is severely wounded.
The gnoll hits you.
The gnoll hits you from afar with a spear!
* * * LOW HITPOINT WARNING * * *
The gnoll hits you.
* * * LOW HITPOINT WARNING * * *
The gnoll hits you from afar with a spear.
You die...

#.# #.# #.##########
###############.#.........
...............# #....
..........##.# #....
######.#####..#(.# ####....
...........#..#..#.#()'....
.####...gg@...#.##.#.##....
+.........#. #.#.#.....
#.........## #.#.#.####
.....#+#+#..# #.#.#.# #....
#..# #.#.#.#### ..... #....
#.#....... ....
#.#####.###.#### ..
.................
####.##.###.###.


You could see 2 gnolls.

Vanquished Creatures
  An adder (D:2)
  A giant mite (D:2)
  2 worms
  4 giant geckos
  A giant cockroach (D:2)
  4 hobgoblins
  5 jackals
  An ooze (D:2)
  A quokka (D:2)
  4 bats
  8 giant newts
  10 goblins
  6 kobolds
  3 rats
51 creatures vanquished.

Notes
Turn   | Place    | Note
--------------------------------------------------------------
     0 | D:1      | rabbashanks, the Troll Warper, began the quest for the Orb.
     0 | D:1      | Reached XP level 1. HP: 19/19 MP: 2/2
   346 | D:1      | Reached XP level 2. HP: 28/28 MP: 2/2
   976 | D:1      | Reached XP level 3. HP: 35/35 MP: 3/3
   999 | D:1      | Learned a level 2 spell: Blink
  1629 | D:2      | Found a snail-covered altar of Cheibriados.
  1747 | D:2      | Became a worshipper of Cheibriados the Contemplative
  1915 | D:2      | Reached XP level 4. HP: 44/44 MP: 4/4
  2037 | D:3      | Noticed Herrn's ghost (average FoHu)
  2468 | D:3      | Slain by a gnoll

Action                   |  1- 3 |  4- 6 || total
-------------------------+-------+-------++-------
Melee: Unarmed           |   161 |    47 ||   208
  Use: Scroll            |     7 |     2 ||     9
  Eat: Chunk             |    15 |     7 ||    22
